AoeStats
← King_Llanes CT

African Clearing

505971414Analyzed
3v3 RM · 21d ago on Sep 11, 2026· 58m 27s· 6 players
Game mode
Random Map
Map size
Normal (6 player)
Population
200
Speed
Normal
Resources
Standard
Victory
Conquest
Starting age
Dark Age
Ending age
Imperial Age
RankedLock teamsTeams togetherTeam positionsShared explorationLock speedFull tech treeHidden civsTurbo modeCheats
Victory
Defeat
🇪🇸 Koreans · Spain
1696
+9
🇪🇸 Shu · Spain
1658
+11
🇪🇸 Vikings · Spain
1599
+13
🇸🇪 Byzantines · Sweden
1556
-12
🇨🇳 Turks · China
1553
-12
🇨🇳 Cumans · China
1491
-9
♞王通
13:34 Feudal Age
14:15 Town Watch
15:29 Double-Bit Axe
17:45 Castle Age
15:57 Loom
16:06 Gold Mining
18:03 Fletching
19:50 Bodkin Arrow
20:52 Bow Saw
22:07 Padded Archer Armor
24:05 Ballistics
26:28 Bloodlines
29:51 Leather Archer Armor
31:45 Wheelbarrow
38:06 Imperial Age
36:35 Thumb Ring
38:49 Bracer
39:10 Bombard Tower
39:20 Ring Archer Armor
39:49 Parthian Tactics
40:12 Sipahi
40:28 Conscription
41:57 Heavy Cavalry Archer
43:00 Masonry
45:01 Hand Cart
45:29 Artillery
51:12 Architecture
52:07 Guilds
Sgt. Love
4:48 Loom
13:28 Feudal Age
17:10 Castle Age
15:37 Double-Bit Axe
18:13 Bow Saw
18:52 Husbandry
22:22 Scale Barding Armor
27:28 Chain Barding Armor
28:33 Forging
28:59 Wheelbarrow
28:37 Horse Collar
30:26 Gold Mining
30:35 Fletching
30:46 Crossbowman
33:18 Ballistics
36:27 Imperial Age
34:17 Thumb Ring
34:09 Bodkin Arrow
35:42 Hand Cart
36:06 Padded Archer Armor
37:14 Bracer
38:47 Chemistry
38:27 Arbalester
39:39 Heavy Plow
43:42 Leather Archer Armor
46:39 Ring Archer Armor
47:10 Stone Mining
48:42 Plate Barding Armor
47:44 Light Cavalry
DZT_最菜又浪还犟
8:42 Loom
13:14 Feudal Age
14:13 Double-Bit Axe
15:00 Horse Collar
21:21 Wheelbarrow
25:02 Castle Age
24:53 Gold Mining
25:19 Scale Barding Armor
28:10 Bloodlines
29:30 Gold Shaft Mining
31:36 Chain Barding Armor
31:50 Forging
41:51 Imperial Age
42:01 Cavalier
43:21 Plate Barding Armor
43:22 Iron Casting
43:17 Light Cavalry
Tales de Paleto
7:10 Loom
14:44 Feudal Age
15:52 Double-Bit Axe
15:50 Horse Collar
18:29 Castle Age
17:06 Scale Barding Armor
20:09 Bow Saw
20:56 Wheelbarrow
20:23 Heavy Plow
21:04 Husbandry
25:18 Crossbowman
27:15 Fletching
28:16 Bodkin Arrow
28:53 Ballistics
28:54 Padded Archer Armor
29:54 Leather Archer Armor
30:45 Thumb Ring
37:22 Imperial Age
35:29 Hand Cart
36:09 Gold Mining
37:25 Stone Mining
38:11 Gold Shaft Mining
37:26 Arbalester
38:06 Bracer
39:08 Chemistry
38:41 Ring Archer Armor
39:19 Two-Man Saw
41:08 Siege Engineers
42:26 Elite Skirmisher
51:56 Conscription
51:42 Bolt Magazine
54:03 Capped Ram
55:19 Siege Ram
King_Llanes CT
11:08 Feudal Age
11:39 Double-Bit Axe
12:40 Double-Bit Axe
14:15 Loom
14:19 Horse Collar
19:01 Town Watch
22:36 Castle Age
22:45 Light Cavalry
26:00 Bow Saw
26:02 Scale Mail Armor
26:07 Heavy Plow
26:58 Squires
30:38 Chieftains
31:14 Forging
32:24 Chain Mail Armor
32:57 Stone Mining
36:34 Imperial Age
34:08 Gold Mining
35:18 Arson
36:13 Iron Casting
36:35 Elite Berserk
37:52 Plate Mail Armor
37:53 Conscription
38:36 Hoardings
40:11 Iron Casting
43:06 Fletching
46:47 Blast Furnace
48:24 Bodkin Arrow
51:47 Ballistics
51:38 Masonry
54:43 Architecture
55:14 Chemistry
54:17 Bracer
57:46 Siege Engineers
RaldricDarko
13:10 Feudal Age
17:19 Castle Age
15:39 Double-Bit Axe
16:23 Loom
17:16 Fishing Lines
20:52 Fletching
22:08 Bodkin Arrow
24:21 Husbandry
24:50 Ballistics
26:08 Wheelbarrow
25:45 Bow Saw
27:02 Thumb Ring
28:45 Gold Mining
31:42 Wheelbarrow
30:56 Town Watch
30:54 Horse Collar
32:38 Gold Shaft Mining
33:25 Stone Mining
36:19 Imperial Age
34:09 Hand Cart
36:52 Stone Shaft Mining
37:03 Bracer
36:25 Heavy Cavalry Archer
38:07 Chemistry
38:03 Heavy Plow
39:20 Two-Man Saw
39:02 Pikeman
39:42 Squires
39:02 Elite Fire Lancer
39:44 Scale Mail Armor
40:54 Chain Mail Armor
41:39 Conscription
43:19 Coinage
43:09 Treadmill Crane
43:49 Arson
44:35 Plate Mail Armor
44:17 Forging
44:31 Gillnets
45:07 Eupseong
45:35 Murder Holes
45:50 Masonry
47:31 Iron Casting
47:45 Siege Engineers
48:11 Architecture
48:32 Capped Ram
50:28 Halberdier
51:28 Elite War Wagon
52:06 Elite Skirmisher
53:39 Banking
Connection lost

Rejoining the realm…

Still unreachable

The connection could not be restored.

Session expired

The server has moved on; the page needs a fresh start.